 Dungeon Crawl Stone Soup version 0.16-a0-3297-g64b26b4 (webtiles) character file.

751 Minkie the Poker (level 7, -3/60 HPs)
             Began as a Naga Warper on Dec 24, 2014.
             Slain by Duvessa
             ... wielding a +1 short sword of draining
              (12 damage)
             ... on level 6 of the Dungeon.
             The game lasted 00:26:27 (5267 turns).

Minkie the Poker (Naga Warper)                      Turns: 5267, Time: 00:26:27

Health: -3/60      AC:  8    Str: 13    XL:     7   Next: 78%
Magic:  8/12       EV:  8    Int: 21    God:
Gold:   98         SH:  0    Dex: 10    Spells: 3 memorised, 3 levels left

rFire  . . .     SeeInvis +     n - +1 spear (flame)
rCold  . . .     Clarity  .     s - +0 swamp dragon armour
rNeg   . . .     SustAb   .     (no shield)
rPois  +         Gourm    .     A - +1 hat
rElec  .         Spirit   .     (no cloak)
rCorr  .         Warding  .     r - +1 pair of gloves
rMut   .         Stasis   .     (no barding)
MR     .....                    (no amulet)
Stlth  ..........               (no ring)
                                x - +5 ring of intelligence

@: very slightly contaminated, very heavily drained, very slow, not resistant to
hostile enchantments, extremely unstealthy
A: spit poison, see invisible, deformed body, poison resistance, slowness 2, AC
+2
a: Spit Poison


You were on level 6 of the Dungeon.
You were hungry.

You visited 1 branch of the dungeon, and saw 6 of its levels.

You collected 246 gold pieces.
You spent 148 gold pieces at shops.

Inventory:

Hand weapons
 n - a +1 spear of flaming (weapon)
Missiles
 e - 5 tomahawks of dispersal (quivered)
 p - 29 poisoned needles
Armour
 r - a +1 pair of gloves (worn)
 s - a +0 swamp dragon armour (worn)
 A - a +1 hat (worn)
Jewellery
 x - a +5 ring of intelligence (left hand)
 z - an uncursed ring of magical power {unknown}
Magical devices
 t - a wand of paralysis (12)
 w - a wand of teleportation (4)
 E - a wand of random effects (37)
Scrolls
 d - a scroll of blinking
 g - 5 scrolls of remove curse
 h - 4 scrolls of immolation {unknown}
 i - 4 scrolls of enchant armour {unknown}
 u - a scroll of recharging {unknown}
 v - a scroll of noise {unknown}
 y - 2 scrolls of amnesia {unknown}
 B - a scroll of teleportation
 C - a scroll of fear
 H - a scroll of identify
 I - a scroll of fog {unknown}
Potions
 b - a potion of heal wounds
 j - 2 potions of curing
 k - a potion of might
 l - a potion of haste
 q - 2 potions of agility
 D - a potion of resistance {unknown}
 F - a potion of poison {unknown}
Books
 c - a book of Spatial Translocations

   Spells                             Type                      Level
   a - Apportation                    Translocation                1
   b - Blink                          Translocation                2
   c - Shroud of Golubria             Charms/Translocation         2
   d - Portal Projectile              Translocation                3
   e - Teleport Other                 Translocation                3
   f - Passage of Golubria            Translocation                4
Comestibles
 a - 5 fruits
 f - 10 bread rations
 m - a royal jelly
 o - 2 meat rations
 G - 4 chunks of flesh


   Skills:
 - Level 2.0(0.0) Fighting
 + Level 7.3(4.1) Polearms
 - Level 0.8(0.0) Throwing
 - Level 2.1(0.0) Armour
 - Level 1.5(0.0) Dodging
 - Level 2.0(0.0) Spellcasting
 + Level 4.6(1.6) Translocations


You had 3 spell levels left.
You knew the following spells:

 Your Spells              Type           Power        Failure   Level  Hunger
a - Apportation           Tloc           #.........   14%         1    ##.....
b - Blink                 Tloc           N/A          21%         2    ###....
c - Passage of Golubria   Tloc           N/A          96%         4    #####..


Dungeon Overview and Level Annotations

Branches:
Dungeon (6/15)
 Temple: D:4-7

Altars:
Ashenzari
Nemelex Xobeh
Okawaru
Vehumet
The Shining One

Shops:
D:4 ?   D:5 =

Annotations:
D:6 Blork the orc, Duvessa


Innate Abilities, Weirdness & Mutations

You cannot wear boots.
You can spit poison.
Your serpentine skin is tough (AC +2).
You have supernaturally acute eyesight.
Armour fits poorly on your strangely shaped body.
Your system is resistant to poisons.
You cover ground very slowly.


Message History

Blork the orc hits you with a short sword.
Duvessa hits you with a short sword of draining.
* * * LOW HITPOINT WARNING * * *
You feel drained.
* * * LOW HITPOINT WARNING * * *
You hit Duvessa. You burn Duvessa.
Duvessa is moderately wounded.
Blork the orc hits you with a short sword.
* * * LOW HITPOINT WARNING * * *
Duvessa closely misses you.
You closely miss Duvessa.
Duvessa is moderately wounded.
Blork the orc barely misses you. Duvessa barely misses you.
Blork the orc hits you with a short sword.
* * * LOW HITPOINT WARNING * * *
You barely miss Duvessa.
Duvessa is moderately wounded.
You have got your breath back.
Duvessa hits you with a short sword of draining!
You die...

......................
.......................
.รท.....................#
.......................#
.......................#
.......................#
................<......#
.......................#
...>............@......#
...............oe......#
...................P...#
.......................#
....................<..#
.......................#
.......................#
....>..................#
................P.....#


You could see Duvessa (berserk), Blork the orc (invisible) and an active
ballistomycete.

Vanquished Creatures
  A phantom (D:4)
  A crimson imp (D:3)
  Dowan (D:6)
  A centaur skeleton (D:6)
  3 hounds
  An orc priest (D:4)
  2 orc wizards (D:4)
  3 iguanas
  2 hound skeletons
  8 adders
  8 gnolls
  A shadow imp (D:5)
  5 worms
  An adder skeleton (D:4)
  An adder zombie (D:6)
  3 giant geckos
  An ooze (D:4)
  8 orcs
  A bat skeleton (D:4)
  A giant cockroach (D:1)
  11 goblins
  13 hobgoblins
  12 kobolds
  A ball python (D:1)
  5 bats
  8 giant newts
  2 quokkas
  4 rats
109 creatures vanquished.

Vanquished Creatures (others)
  A hound (D:6)
  A giant spore (D:6)
2 creatures vanquished.

Grand Total: 111 creatures vanquished

Notes
Turn   | Place    | Note
--------------------------------------------------------------
     0 | D:1      | Minkie, the Naga Warper, began the quest for the Orb.
     0 | D:1      | Reached XP level 1. HP: 19/19 MP: 3/3
   317 | D:1      | Reached XP level 2. HP: 26/26 MP: 4/4
   931 | D:2      | Reached XP level 3. HP: 27/32 MP: 6/6
  1520 | D:2      | Reached skill level 4 in Polearms
  1726 | D:2      | Reached XP level 4. HP: 39/39 MP: 7/7
  1794 | D:3      | Learned a level 2 spell: Blink
  1931 | D:3      | Reached skill level 1 in Armour
  2375 | D:3      | Reached XP level 5. HP: 30/45 MP: 9/9
  2817 | D:3      | Reached skill level 5 in Polearms
  2995 | D:4      | Noticed a phantom
  3055 | D:4      | Killed a phantom
  3055 | D:4      | Reached XP level 6. HP: 33/52 MP: 10/10
  3127 | D:4      | Reached skill level 6 in Polearms
  3547 | D:4      | Reached XP level 7. HP: 48/60 MP: 12/12
  3699 | D:4      | Found a shattered altar of Ashenzari.
  3702 | D:4      | Found a radiant altar of Vehumet.
  3721 | D:4      | Found an iron altar of Okawaru.
  3727 | D:4      | Found a glowing golden altar of the Shining One.
  3734 | D:4      | Found a sparkling altar of Nemelex Xobeh.
  3837 | D:5      | Entered Level 5 of the Dungeon
  3910 | D:4      | Found Ubeamp's Magic Scroll Boutique.
  3919 | D:4      | Bought a scroll of remove curse for 33 gold pieces
  3919 | D:4      | Bought a scroll of identify for 22 gold pieces
  3919 | D:4      | Bought a scroll of teleportation for 33 gold pieces
  3919 | D:4      | Bought a scroll of identify for 22 gold pieces
  3919 | D:4      | Bought a scroll of fear for 38 gold pieces
  4098 | D:4      | Reached skill level 7 in Polearms
  4104 | D:4      | Learned a level 4 spell: Passage of Golubria
  4386 | D:6      | Noticed Blork the orc
  4773 | D:5      | Found Leubo's Jewellery Shoppe.
  5023 | D:6      | Noticed Dowan
  5028 | D:6      | Noticed Duvessa
  5059 | D:6      | Killed Dowan
  5267 | D:6      | Slain by Duvessa

Action                   |  1- 3 |  4- 6 |  7- 9 || total
-------------------------+-------+-------+-------++-------
Melee: Spear             |   115 |   255 |   215 ||   585
 Abil: Spit Poison       |     7 |     4 |    11 ||    22
  Use: Scroll            |       |       |     6 ||     6
  Eat: Chunk             |     2 |     7 |     6 ||    15
